 Dungeon Crawl Stone Soup version 0.21.1-1-g345015fe64 (webtiles) character file.

12639 Loge the Cleaver (level 11, -13/101 HPs)
             Began as a Minotaur Berserker on July 12, 2018.
             Was a High Priest of Trog.
             Mangled by Sonja
             ... wielding a +2 short sword of distortion
              (23 damage)
             ... on level 1 of the Lair of Beasts.
             The game lasted 00:50:45 (10865 turns).

Loge the Cleaver (Minotaur Berserker)              Turns: 10865, Time: 00:50:46

Health: -13/101    AC: 18    Str: 25    XL:     11   Next: 65%
Magic:  10/10      EV: 10    Int:  4    God:    Trog [*****.]
Gold:   785        SH:  8    Dex: 13    Spells: 10/10 levels left

rFire    . . .     SeeInvis +   C - +3 war axe (flame)
rCold    . . .     Gourm    .   j - +0 buckler
rNeg     . . .     Faith    .   E - +2 plate armour {MR+}
rPois    .         Spirit   .   (helmet restricted)
rElec    .         Reflect  +   y - +0 cloak
rCorr    .         Harm     .   w - +0 pair of gloves
MR       +....                  (no boots)
Stlth    ..........             T - +4 amulet of reflection
HPRegen  0.26/turn              o - ring of see invisible
MPRegen  0.12/turn              s - +3 ring of strength

@: about to teleport, heavily drained
A: retaliatory headbutt, horns 2
a: Berserk, Trog's Hand, Brothers in Arms, Burn Spellbooks, Renounce Religion


You were on level 1 of the Lair of Beasts.
You worshipped Trog.
Trog was extremely pleased with you.
You were not hungry.

You visited 2 branches of the dungeon, and saw 13 of its levels.
You visited the Abyss 1 time.

You collected 785 gold pieces.

Inventory:

Hand Weapons
 C - a +3 war axe of flaming (weapon)
 U - a +3 battleaxe of freezing
 Z - a +0 blowgun
Missiles
 h - 4 needles of sleeping
 q - 13 tomahawks (quivered)
 t - 8 tomahawks of dispersal
 z - 141 poisoned needles
 H - 5 javelins
 R - 3 javelins of penetration
Armour
 j - a +0 buckler (worn)
 w - a +0 pair of gloves (worn)
 y - a +0 cloak (worn)
 E - a +2 plate armour of magic resistance (worn)
 L - the cursed +0 scale mail "Febaner" {*Slow rElec MR+, unknown}
   (You found it on level 8 of the Dungeon)

   It insulates you from electricity.
   It affects your resistance to hostile enchantments.
   It may slow you when you take damage.
   It has a curse placed upon it.
Jewellery
 o - a ring of see invisible (left hand)
 s - a +3 ring of strength (right hand)
 T - a +4 amulet of reflection (around neck)
Wands
 i - a wand of flame (31)
 Q - a wand of polymorph (26)
 W - a wand of enslavement (10)
 X - a wand of disintegration (16)
Scrolls
 k - a scroll of enchant armour
 l - a scroll of random uselessness {unknown}
 m - 2 scrolls of immolation
 n - 3 scrolls of blinking
 p - 2 scrolls of fear {unknown}
 x - 5 scrolls of teleportation
 D - 2 scrolls of remove curse
 F - a scroll of silence {unknown}
 I - 2 scrolls of fog {unknown}
 J - a scroll of enchant weapon {unknown}
 K - 2 scrolls of magic mapping {unknown}
 M - a scroll of noise {unknown}
 N - a scroll of torment {unknown}
 O - a scroll of vulnerability {unknown}
 P - a scroll of acquirement {unknown}
Potions
 a - a potion of berserk rage {unknown}
 b - a potion of brilliance
 e - 4 potions of haste
 f - 3 potions of heal wounds
 g - 2 potions of might
 r - 2 potions of agility
 u - 7 potions of curing
 v - 2 potions of experience
 A - a potion of magic
 B - 4 potions of lignification
 G - 2 potions of resistance
 S - a potion of ambrosia
 V - a potion of flight
Comestibles
 c - 35 rations
 Y - 2 chunks of flesh


   Skills:
 + Level 10.7(8.9) Fighting
 * Level 14.1(12.2) Axes
 + Level 10.4(8.6) Armour
 + Level 8.4(6.7) Dodging
 - Level 4.0(2.5) Shields


You had 10 spell levels left.
You didn't know any spells.

Dungeon Overview and Level Annotations

Branches:
Dungeon (12/15)            Temple (0/1) D:5            Lair (1/6) D:11
    Orc: D:9-12

Altars:
Ashenzari
Kikubaaqudgha
Ru
Sif Muna
Trog
Wu Jian
Xom
Zin

Shops:
D:4 [

Annotations:
D:9 exclusion: downstairs
D:11 exclusion: 2 downstairs
D:12 Fannar
Lair:1 Sonja


Innate Abilities, Weirdness & Mutations

You reflexively headbutt those who attack you in melee.
You have a pair of horns on your head.


Message History

As you read the scroll of teleportation, it crumbles to dust.
You feel strangely stable. You block Sonja's attack. Sonja misses you.
You block Sonja's attack.
Sonja mumbles some strange words.
Sonja blinks!
Sonja mumbles some strange words.
Sonja blinks!
There is a staircase back to the Dungeon here.
You closely miss Sonja.
Sonja is lightly wounded.
Sonja hits you but does no damage. Space warps horribly around you!
* * * LOW HITPOINT WARNING * * *
Sonja hits you but does no damage.
You feel strangely unstable. Sonja completely misses you.
Sonja hits you with an uncursed short sword of distortion.
* * * LOW HITPOINT WARNING * * *
Space bends around you.
* * * LOW HITPOINT WARNING * * *
Sonja hits you but does no damage. Space warps horribly around you!
You die...

......#..#
......#######
#...#.##..#.######
P..####.....#.##.##
#...ยง.............#
#.................##
#..................#
#..................##
##.............K@...#
...................##
?...........##..####
...........######
.......#####
......#######
.......#....##
.............#
.............##


You could see Sonja.

Vanquished Creatures
  2 hydras
  The ghost of patthesweetcat the Arsonist, a novice OpFE (D:8)
  An unseen horror (D:11)
  An orc knight (D:12)
  A manticore (D:11)
  A komodo dragon (D:11)
  A hellwing (Abyss:1)
  A troll (D:10)
  A large abomination (Abyss:1)
  2 hippogriffs
  6 yaks
  A spriggan (D:11)
  A basilisk (Lair:1)
  2 water moccasins
  2 sky beasts
  2 porcupines (D:11)
  Duvessa (D:7)
  2 ice beasts
  4 orc warriors
  3 phantoms
  2 black bears
  Purgy (D:3)
  5 necrophages
  3 centaurs
  7 ogres
  3 crocodiles
  A big kobold (D:10)
  8 bullfrogs
  Dowan (D:7)
  A wyvern skeleton (D:11)
  A scorpion (D:6)
  3 water moccasin skeletons
  5 killer bees (D:10)
  5 wights (D:11)
  A crimson imp (D:12)
  A bullfrog zombie (D:11)
  3 centaur zombies
  The ghost of Kohma the Sneak, a weakling VSAs (D:3)
  4 hounds
  A quasit (D:6)
  A bullfrog skeleton (D:6)
  Crazy Yiuf (D:2)
  6 orc priests
  A gnoll shaman (D:9)
  3 iguanas
  4 orc wizards
  9 worker ants
  A killer bee zombie (D:7)
  A hound skeleton (D:5)
  A howler monkey zombie (D:5)
  Robin (D:2)
  4 gnolls (D:9)
  12 adders
  4 shadow imps
  4 adder zombies
  2 worms
  2 dart slugs
  3 leopard geckos
  44 orcs
  A ball python (D:1)
  8 giant cockroaches
  12 goblins
  12 hobgoblins
  7 jackals
  8 quokkas
  9 bats
  7 frilled lizards
  15 kobolds
  2 quokka zombies
  7 rats
  A fungus (D:11)
  3 plants (D:11)
289 creatures vanquished.

Vanquished Creatures (collateral kills)
  2 two-headed ogres
  A black bear (D:9)
  4 wights (D:8)
  A shadow imp (D:8)
8 creatures vanquished.

Vanquished Creatures (others)
  4 fungi (D:11)
4 creatures vanquished.

Grand Total: 301 creatures vanquished

Notes
Turn   | Place    | Note
-------+----------+-------------------------------------------
     0 | D:1      | Loge the Minotaur Berserker began the quest for the Orb.
     0 | D:1      | Reached XP level 1. HP: 19/19 MP: 0/0
   109 | D:1      | Reached XP level 2. HP: 24/27 MP: 1/1
   167 | D:1      | Reached skill level 4 in Axes
   309 | D:1      | Reached ** piety under Trog
   418 | D:1      | Reached XP level 3. HP: 31/33 MP: 2/2
   605 | D:2      | Reached XP level 4. HP: 40/40 MP: 3/3
   651 | D:2      | Noticed Robin
   676 | D:2      | Killed Robin
   676 | D:2      | Reached skill level 1 in Shields
   706 | D:2      | Found a sacrificial altar of Ru.
   768 | D:2      | Reached skill level 5 in Axes
   900 | D:2      | Found a runed door.
  1056 | D:2      | Found a deep blue altar of Sif Muna.
  1178 | D:2      | Found a shimmering altar of Xom.
  1180 | D:2      | Reached *** piety under Trog
  1238 | D:2      | Noticed Crazy Yiuf
  1247 | D:2      | Killed Crazy Yiuf
  1247 | D:2      | Reached XP level 5. HP: 47/47 MP: 4/4
  1845 | D:3      | Found a bloodstained altar of Trog.
  1846 | D:3      | Noticed Kohma's ghost (weakling VSAs)
  1855 | D:3      | Reached skill level 6 in Axes
  1860 | D:3      | Killed Kohma's ghost
  1860 | D:3      | Reached XP level 6. HP: 51/55 MP: 5/5
  1864 | D:3      | Found a shattered altar of Ashenzari.
  1865 | D:3      | Found an ancient bone altar of Kikubaaqudgha.
  1871 | D:3      | Found an ornate altar of the Wu Jian Council.
  2011 | D:3      | Noticed Purgy
  2028 | D:3      | Killed Purgy
  2028 | D:3      | Reached skill level 5 in Fighting
  2573 | D:4      | Found a shimmering altar of Xom.
  2646 | D:4      | Reached XP level 7. HP: 42/61 MP: 6/6
  2875 | D:4      | Found a glowing silver altar of Zin.
  2884 | D:4      | Found Xuits's Armour Boutique.
  2987 | D:4      | Reached skill level 7 in Axes
  3081 | D:4      | Reached skill level 5 in Armour
  3186 | D:5      | Entered Level 5 of the Dungeon
  3279 | D:5      | Reached **** piety under Trog
  3337 | D:5      | Reached skill level 8 in Axes
  3388 | D:5      | Reached XP level 8. HP: 69/69 MP: 7/7
  3536 | D:5      | Found a staircase to the Ecumenical Temple.
  4207 | D:6      | Reached skill level 9 in Axes
  4928 | D:7      | Noticed Duvessa
  4929 | D:7      | Noticed Dowan
  4939 | D:7      | Killed Duvessa
  4943 | D:7      | Killed Dowan
  5059 | D:7      | Reached XP level 9. HP: 78/78 MP: 8/8
  5139 | D:7      | Reached skill level 10 in Axes
  5759 | D:8      | Got a slimy scale mail
  5880 | D:8      | Received a gift from Trog
  5882 | D:8      | Reached skill level 5 in Dodging
  5904 | D:8      | Reached ***** piety under Trog
  5931 | D:8      | Noticed patthesweetcat's ghost (novice OpFE)
  5951 | D:8      | Killed patthesweetcat's ghost
  5951 | D:8      | Reached skill level 11 in Axes
  6262 | D:8      | Noticed a two-headed ogre
  6297 | D:8      | Killed a two-headed ogre
  6704 | D:9      | Reached XP level 10. HP: 78/89 MP: 9/9
  7054 | D:9      | Noticed a two-headed ogre
  7068 | D:9      | Killed a two-headed ogre
  7068 | D:9      | Reached skill level 12 in Axes
  7433 | D:10     | Entered Level 10 of the Dungeon
  7482 | D:10     | Got a twisted chain mail
  8591 | D:11     | Found a deep blue altar of Sif Muna.
  8732 | D:11     | Noticed a six-headed hydra
  8737 | D:11     | Killed a four-headed hydra
  8737 | D:11     | Reached skill level 13 in Axes
  8775 | D:11     | Identified the Handbook of Igneous Clay
  8808 | D:11     | Reached XP level 11. HP: 96/98 MP: 10/10
  8880 | D:11     | Found a staircase to the Lair.
  8955 | D:11     | Received a gift from Trog
  8955 | D:11     | Reached skill level 10 in Fighting
  9290 | D:12     | Noticed an unseen horror
  9290 | D:12     | Noticed an orc knight
  9300 | D:11     | Killed an unseen horror
  9331 | Lair:1   | Entered Level 1 of the Lair of Beasts
  9440 | Lair:1   | Reached skill level 10 in Armour
  9537 | Lair:1   | Noticed a seven-headed hydra
  9538 | Lair:1   | Noticed a seven-headed hydra
  9585 | Lair:1   | Killed a three-headed hydra
  9778 | Lair:1   | Noticed Sonja
  9780 | Lair:1   | Received a gift from Trog
  9812 | Lair:1   | HP: 1/100 [Sonja/uncursed short sword of distortion (19)]
 10142 | Lair:1   | Cast into level 1 of the Abyss (Sonja)
 10250 | Abyss:1  | Reached skill level 14 in Axes
 10400 | Abyss:1  | Noticed a spatial maelstrom
 10410 | Abyss:1  | Found a corrupted altar of Lugonu.
 10433 | Lair:1   | Escaped the Abyss
 10452 | D:12     | Noticed Fannar
 10605 | D:12     | Killed an orc knight
 10621 | D:12     | Identified the +7 chain mail of the Wumpus {*Drain Str+3 SInv} (You found it on level 10 of the Dungeon)
 10865 | Lair:1   | Mangled by Sonja

Skill      XL: |  1  2  3  4  5  6  7  8  9 10 11 |
---------------+----------------------------------+-----
Axes           | 4 5 6 8 9 11 13 14 | 14.1
Fighting       | 4 5 6 7 8 9 10 | 10.7
Armour         | 3 4 5 6 8 9 10 | 10.4
Shields        | 1 2 3 4 |  4.0
Dodging        | 4 6 7 8 |  8.4

Action                   |  1- 3 |  4- 6 |  7- 9 | 10-12 || total
-------------------------+-------+-------+-------+-------++-------
Melee: Hand axe          |    89 |   114 |       |       ||   203
       Headbutt          |    17 |    27 |    42 |    64 ||   150
       War axe           |       |    34 |   231 |   268 ||   533
Invok: Berserk           |     2 |       |     2 |       ||     4
       Brothers in Arms  |       |       |     1 |     1 ||     2
       Burn Spellbooks   |       |       |       |     2 ||     2
Evoke: Wand              |       |       |       |     4 ||     4
  Use: Scroll            |       |       |     6 |    11 ||    17
       Potion            |       |       |       |     1 ||     1
  Eat: Chunk             |       |     7 |    16 |    10 ||    33
       Ration            |       |       |       |     1 ||     1
Armor: Animal skin       |     4 |       |       |       ||     4
       Plate armour      |    43 |    89 |   104 |   112 ||   348
Dodge: Dodged            |    43 |    58 |    77 |    98 ||   276
Block: Buckler           |       |    21 |    48 |   104 ||   173
       Reflection        |       |       |       |     4 ||     4
